 Dungeon Crawl Stone Soup version 0.29.1-2-gbd0b4ee654 (webtiles) character file.

Game seed: 9493831508649010939

5646 Icepheonix32 the Frost Mage (level 10, 0/60 HPs)
             Began as an Octopode Ice Elementalist on Oct 31, 2022.
             Was a Priest of Dithmenos.
             Slain by a centaur
             ... wielding a +0 trident
              (10 damage)
             ... in a bailey.
             The game lasted 00:31:24 (9212 turns).

Icepheonix32 the Frost Mage (OpIE)                  Turns: 9212, Time: 00:31:25

Health: 0/60       AC:  4    Str:  8    XL:     10   Next: 74%
Magic:  3/28       EV: 15    Int: 23    God:    Dithmenos [***...]
Gold:   88         SH:  0    Dex: 16    Spells: 4/20 levels left

rFire   . . .      SeeInvis .   j - staff of air
rCold   + . .      Faith    .   (no shield)
rNeg    . . .      Spirit   .   c - +3 hat of Pondering {ponderous, Will+ MP+10 Int+5}
rPois   .          Reflect  .   n - amulet of regeneration
rElec   +          Harm     .   B - ring of resist corrosion
rCorr   +          Rampage  .   H - ring of protection from cold
Will    +....                   (no ring)
Stlth   +++++++...              (no ring)
HPRegen 1.00/turn               (no ring)
MPRegen 0.21/turn               (no ring)
                                (no ring)
                                (no ring)

@: very slightly contaminated, wreathed by umbra, slow
A: almost no armour, amphibious, 8 rings, camouflage 1, gelatinous body 1,
nimble swimmer 1, tentacles
a: Renounce Religion, Shadow Step


You were in a bailey.
You worshipped Dithmenos.
Dithmenos was most pleased with you.
You visited 1 branch of the dungeon, and saw 9 of its levels.
You also visited: Bailey.

You collected 570 gold pieces.
You spent 482 gold pieces at shops.

Inventory:

Hand Weapons
 g - a +0 dagger of protection
 q - a +2 flail of protection
 r - a +0 vampiric short sword
 s - a +2 vorpal trident
 y - a +4 mace of freezing
 z - a +3 scimitar of freezing
 D - a +4 quarterstaff of chaos
 G - a +2 whip of electrocution
 K - a +4 halberd
 M - a +5 falchion
Missiles
 O - 4 boomerangs
Armour
 c - the +3 hat of Pondering (worn) {ponderous, Will+ MP+10 Int+5}
   (You acquired it on level 4 of the Dungeon)

   Int:       It affects your intelligence (+5).
   MP:        It affects your magic capacity (+10).
   Will:      It increases your willpower.
 P - an orb of mayhem
Magical Staves
 j - a staff of air (weapon)
Jewellery
 n - an amulet of regeneration (around mantle)
 B - a ring of resist corrosion (left tentacle)
 H - a ring of protection from cold (right tentacle)
Wands
 h - a wand of flame (8)
 u - a wand of paralysis (2)
 v - a wand of iceblast (3)
Scrolls
 b - 3 scrolls of amnesia
 d - 5 scrolls of teleportation
 o - a scroll of noise
 w - a scroll of immolation {unknown}
 x - 4 scrolls of enchant weapon {unknown}
 F - 2 scrolls of enchant armour {unknown}
Potions
 a - a potion of magic
 e - a potion of brilliance
 f - 2 potions of cancellation
 i - a potion of degeneration {unknown}
 k - 3 potions of might
 l - a potion of resistance
 m - 6 potions of curing
 p - a potion of ambrosia {unknown}
 C - a potion of flight {unknown}
 E - a potion of mutation {unknown}
 I - a potion of attraction {unknown}
 J - 2 potions of heal wounds {unknown}
 N - a potion of lignification {unknown}


   Skills:
 + Level 2.2 Fighting
 + Level 0.2 Short Blades
 + Level 2.0 Maces & Flails
 - Level 1.3 Polearms
 + Level 1.0 Throwing
 * Level 4.7 Dodging
 + Level 3.9 Stealth
 + Level 5.5 Spellcasting
 + Level 0.3 Conjurations
 * Level 12.5 Ice Magic
 * Level 2.0 Air Magic
 * Level 5.5 Evocations


You had 4 spell levels left.
You knew the following spells:

 Your Spells              Type           Power      Damage    Failure   Level
a - Freeze                Ice            100%       1d11      1%          1
b - Ozocubu's Armour      Ice            59%        N/A       1%          3
c - Frozen Ramparts       Ice            100%       1d16      1%          3
d - Hailstorm             Conj/Ice       36%        3d9       6%          4
e - Freezing Cloud        Conj/Ice/Air   21%        6-21      32%         5

Your spell library contained the following spells:

 Spells                   Type           Power      Damage    Failure   Level
 Ice Form                 Ice/Tmut       35%        N/A       7%          4
 Apportation              Tloc           12%        N/A       9%          1
 Necrotise                Necr           24%        1d5       9%          1
 Summon Small Mammal      Summ           24%        N/A       9%          1
 Sublimation of Blood     Necr           6%         N/A       14%         2
 Wereblood                Tmut           6%         N/A       14%         2
 Mephitic Cloud           Conj/Pois/Air  15%        N/A       19%         3
 Dazzling Flash           Conj/Hex       14%        N/A       26%         3
 Ignite Poison            Fire/Tmut/Pois 6%         N/A       26%         3
 Vampiric Draining        Necr           6%         2d6       26%         3
 Airstrike                Air            11%        2d(2-18)  36%         4
 Summon Lightning Spire   Summ/Air       16%        N/A       52%         4
 Simulacrum               Ice/Necr       17%        N/A       71%         6
 Lightning Bolt           Conj/Air       8%         1d21      83%         5
 Silence                  Hex/Air        8%         N/A       86%         5
 Agony                    Necr           6%         N/A       94%         5
 Summon Hydra             Summ           3%         N/A       100%        7


Dungeon Overview and Level Annotations

Branches:
Dungeon (9/15)             Temple (0/1) D:7            Lair (0/5) D:9
 Bailey (1/1)
    Orc: D:9-12

Altars:
Dithmenos
Trog
Yredelemnul
Zin

Shops:
D:1 *   D:2 :


Innate Abilities, Weirdness & Mutations

You cannot wear most types of armour.
You are amphibious.
You can wear up to eight rings at the same time.
Your skin changes colour to match your surroundings (Stealth+).
Your rubbery body absorbs attacks. (AC +1, EV +1)
You are camouflaged when in or above water. (Stealth+)
You have tentacles for arms and can constrict up to eight enemies at once.


Message History

Confirm with . or Enter, or press ? or * to list all spells.
Casting: Hailstorm (dangerous; 6% risk of failure)
Press: ? - help, Dir - look around, f - activate A cannonade of hail descends around you!
The hail pelts the centaur!
The centaur is moderately wounded.
The hail pelts the centaur!
The centaur is severely wounded.
The hail pelts the orc!
You kill the orc!
Dithmenos accepts your kill. The centaur hits you with a +0 trident!
The centaur barely misses you.
The centaur hits you from afar with a +0 spear.
The centaur completely misses you.
The centaur kicks you but does no damage.
Unknown command.
You hit the centaur but do no damage. Your squeeze misses the centaur.
The centaur is almost dead.
The centaur hits you from afar with a +0 spear.
The centaur hits you with a +0 trident! The centaur completely misses you.
The centaur misses you.
Unknown command.
The centaur closely misses you.
The centaur throws a javelin.
The javelin closely misses you.
The centaur throws a javelin.
The javelin misses you.
Casting: Hailstorm (dangerous; 6% risk of failure)
Confirm with . or Enter, or press ? or * to list all spells.
The spell is quite dangerous to miscast (32% risk of failure)!
Continue anyway?
Aiming: Freezing Cloud (quite dangerous; 32% risk of failure)
Press: ? - help, Dir - move target, f - centaur
Aim: a centaur, wielding a +0 trident, wearing a +0 scale mail and quivering javelins (almost dead, umbra)
You feel a surge of power! That beam is likely to hit you.
Continue anyway?
You miscast Freezing Cloud.
You are very lightly contaminated with residual magic.
Sparks of electricity dance around you. You resist.
The centaur throws a javelin.
The javelin pierces through you!
* * * LOW HITPOINT WARNING * * *
The centaur hits you from afar with a +0 trident!
You die...

#≈≈.≈...≈≈≈~~~~~≈≈≈...#
#≈≈.≈≈....≈≈≈≈≈≈≈....≈≈
#≈≈≈.≈...............≈.
#≈≈≈.≈≈.⌠.........⌠.≈≈.
#≈≈≈≈.≈c)..........)≈.≈
#≈≈≈≈c≈≈≈.......))≈≈≈.≈
#≈≈≈≈≈c.≈≈≈....)≈≈≈..≈≈
#≈≈≈≈≈≈≈..≈≈≈≈≈≈≈..≈≈≈≈
##≈≈≈≈@≈≈≈.......≈≈≈≈≈≈
##≈≈≈≈≈≈≈≈≈≈≈≈≈≈≈≈≈≈≈≈
##≈≈≈≈≈≈≈≈≈≈≈≈≈≈≈≈≈≈≈
####################


You could see 3 centaurs.

Vanquished Creatures
  A two-headed ogre (D:9)
  Maggie (D:8)
  11 orc warriors
  2 ice beasts
  2 sky beasts (D:7)
  An ogre (D:6)
  4 centaurs
  A kobold brigand (D:9)
  3 necrophages
  7 bullfrogs
  A water moccasin zombie (D:5)
  10 wights
  11 killer bees
  3 howler monkeys
  2 centaur zombies (D:5)
  3 hounds
  A human zombie (D:5)
  5 jellies
  3 orc priests
  Crazy Yiuf (D:5)
  Terence (D:2)
  Natasha (D:2)
  2 iguanas
  6 orc wizards
  2 scorpion zombies (D:5)
  A killer bee zombie (D:5)
  A hound zombie (D:5)
  A howler monkey zombie (D:5)
  Robin (D:2)
  7 gnolls
  10 adders
  A shadow imp (D:6)
  A white imp (D:5)
  2 ufetubi
  2 worms
  A dart slug (D:3)
  51 orcs
  2 endoplasms
  4 giant cockroaches
  15 goblins
  12 hobgoblins
  3 jackals (D:4)
  4 quokkas
  10 ball pythons
  5 bats
  4 frilled lizards
  10 kobolds
  6 rats
239 creatures vanquished.

Vanquished Creatures (others)
  15 fungi
  20 plants (D:9)
35 creatures vanquished.

Grand Total: 274 creatures vanquished

Notes
Turn   | Place    | Note
-------+----------+-------------------------------------------
     0 | D:1      | Icepheonix32 the Octopode Ice Elementalist began the quest
                  | for the Orb.
     0 | D:1      | Reached XP level 1. HP: 11/11 MP: 3/3
   322 | D:1      | Reached XP level 2. HP: 13/17 MP: 3/5
   533 | D:1      | Found Temeitepp's General Store.
   753 | D:1      | Found a faded altar of an unknown god.
   965 | D:2      | Noticed Terence
   970 | D:2      | Killed Terence
   971 | D:2      | Reached skill level 5 in Ice Magic
   971 | D:2      | Reached XP level 3. HP: 21/21 MP: 6/6
   981 | D:2      | Learned a level 3 spell: Ozocubu's Armour
  1093 | D:2      | Reached XP level 4. HP: 27/27 MP: 4/7
  1355 | D:2      | Noticed Robin
  1380 | D:2      | Killed Robin
  1385 | D:2      | Reached skill level 6 in Ice Magic
  1580 | D:2      | Found Metuu's Book Shoppe.
  1652 | D:2      | Noticed Natasha
  1672 | D:2      | Killed Natasha
  1673 | D:2      | Reached XP level 5. HP: 31/31 MP: 1/8
  1781 | D:2      | Learned a level 3 spell: Frozen Ramparts
  2730 | D:3      | Reached skill level 7 in Ice Magic
  2830 | D:3      | Reached XP level 6. HP: 35/36 MP: 5/9
  3168 | D:4      | Reached skill level 8 in Ice Magic
  3170 | D:4      | Reached XP level 7. HP: 35/41 MP: 1/10
  3324 | D:4      | Found a shadowy altar of Dithmenos.
  3496 | D:4      | Became a worshipper of Dithmenos the Shadowed
  4235 | D:4      | Identified a scroll of acquirement
  4235 | D:4      | Acquired the +3 hat of Pondering {ponderous, Will+ MP+10
                  | Int+5}
  4235 | D:4      | Found the +3 hat of Pondering {ponderous, Will+ MP+10
                  | Int+5}
  4358 | D:5      | Entered Level 5 of the Dungeon
  4358 | D:5      | Found a bloodstained altar of Trog.
  4360 | D:5      | You fall into a shaft and drop 3 floors!
  4450 | D:6      | Reached skill level 9 in Ice Magic
  4506 | D:6      | Reached * piety under Dithmenos
  4507 | D:6      | Reached XP level 8. HP: 46/46 MP: 11/11
  4811 | D:5      | Reached skill level 10 in Ice Magic
  4925 | D:5      | Found a basalt altar of Yredelemnul.
  4970 | D:5      | Learned a level 4 spell: Hailstorm
  5060 | D:5      | Reached skill level 11 in Ice Magic
  5060 | D:5      | Reached skill level 1 in Evocations
  5222 | D:5      | Found a runed translucent door.
  5223 | D:5      | Noticed Crazy Yiuf
  5229 | D:5      | Killed Crazy Yiuf
  5431 | D:6      | Reached skill level 1 in Maces & Flails
  5486 | D:6      | Reached ** piety under Dithmenos
  5512 | D:6      | Reached XP level 9. HP: 49/52 MP: 11/12
  6910 | D:7      | Reached skill level 1 in Fighting
  7362 | D:7      | Found a staircase to the Ecumenical Temple.
  7616 | D:8      | Noticed Maggie
  7620 | D:8      | Reached skill level 12 in Ice Magic
  7624 | D:8      | Killed Maggie
  7625 | D:8      | Reached skill level 1 in Polearms
  7625 | D:8      | Reached XP level 10. HP: 31/59 MP: 17/17
  7767 | D:8      | Found Zin's Purification Station.
  7770 | D:8      | Found a glowing silver altar of Zin.
  7775 | D:8      | Bought a potion of curing for 90 gold pieces
  8245 | D:2      | Bought a Trismegistus Codex for 392 gold pieces
  8251 | D:2      | Learned a level 5 spell: Freezing Cloud
  8389 | D:9      | Reached skill level 5 in Spellcasting
  8399 | D:9      | Found a flagged portal.
  8415 | D:9      | Noticed a two-headed ogre
  8419 | D:9      | Killed a two-headed ogre
  8419 | D:9      | Reached *** piety under Dithmenos
  8420 | D:9      | Reached skill level 1 in Air Magic
  8447 | Bailey   | Entered a bailey
  8559 | Bailey   | Reached skill level 5 in Evocations
  9052 | Bailey   | Reached skill level 1 in Throwing
  9212 | Bailey   | Slain by a centaur

Illustrated notes

Levels and vault maps discovered:
D:1:      dpeg_arrival_prison, layout_rooms, basic_ecumenical_altar,
          serial_shops, nicolae_square_shop
D:2:      layout_rooms, serial_shops, shop, minmay_tripent, uniq_terence,
          uniq_robin, uniq_natasha
D:3:      minmay_chambers_of_twos, layout_loops_corners
D:4:      layout_cave_pods, mainiacjoe_overflow_brackets
D:5:      layout_rooms, lemuel_mausoleum_altar_yredelemnul,
          mainiacjoe_overflow_boulevard, uniq_crazy_yiuf_cottage
D:6:      hangedman_cross_stitches, layout_basic
D:7:      layout_loops_corners, minmay_temple_entry_fiery
D:8:      layout_basic, zin_purify, dk_vineyard_3, bh_walls_and_bars,
          uniq_maggie
D:9:      cheibrodos_grave_circle, layout_basic, grunt_lair_entry_orc_guard_hut,
          enter_bailey_5
Bailey:   bailey_polearm_flooded_kennysheep, bailey

Skill      XL: |  1  2  3  4  5  6  7  8  9 10 |
---------------+-------------------------------+-----
Ice Magic      | 5 6 7 8 9 11 12 | 12.5
Evocations     | 1 3 5 |  5.5
Maces & Flails | 1 2 |  2.0
Spellcasting   | 4 5 |  5.5
Dodging        | 4 |  4.7
Stealth        | 3 |  3.9
Fighting       | 1 2 |  2.2
Polearms       | 1 |  1.3
Air Magic      | 2 |  2.0
Throwing       | 1 |  1.0
Short Blades   | |  0.2
Conjurations   | |  0.3

Action                   |  1- 3 |  4- 6 |  7- 9 | 10-12 || total
-------------------------+-------+-------+-------+-------++-------
Melee: Constrict         |     4 |    14 |    42 |    11 ||    71
       Unarmed           |     2 |       |       |       ||     2
       Dagger            |     4 |    57 |   106 |       ||   167
       Tentacles         |     3 |    13 |    55 |    13 ||    84
       Punch             |       |       |     2 |       ||     2
       Mace              |       |       |    86 |       ||    86
       Halberd           |       |       |    16 |    18 ||    34
       Staff             |       |       |       |    32 ||    32
Throw: Boomerang         |       |       |       |    58 ||    58
 Cast: Freeze            |    25 |    38 |    87 |    22 ||   172
       Ozocubu's Armour  |     2 |     5 |    13 |     7 ||    27
       Frozen Ramparts   |       |     3 |    15 |     6 ||    24
       Hailstorm         |       |       |     1 |    20 ||    21
       Freezing Cloud    |       |       |       |     2 ||     2
Evoke: Wand              |       |       |     9 |    14 ||    23
  Use: Scroll            |     6 |       |     6 |     3 ||    15
       Potion            |     1 |       |     4 |       ||     5
 Stab: Sleeping          |       |     8 |     5 |     1 ||    14
Armor: Skin              |     2 |    29 |    89 |    13 ||   133
Dodge: Dodged            |    15 |    54 |   235 |   103 ||   407
